cohdb
Replays
Latest Replays
All Replays
Popular Replays
Top Player Replays
Match Explorer
How It Works
Community
CoH3 Stats
Reddit
Sign in to upload your games and track your stats! →
Sign in with Steam
Match 46933805
Unlisted
Match 46933805
Overview
Messages
Build Orders
End
Panzergrenadier Squad
Panzergrenadier Squad
250 Light Carrier
Construct Light Support Kompanie
Assault Grenadier Squad
Fire Support Elements
Selects Italian Infantry
Selects Guastatori Squad
Guastatori Squad
Panzerjäger Mechanized Group
Guastatori Squad
Selects Registered Artillery
Selects Defensive Operations
Construct Panzerarmee Kommand
Registered Artillery
Panzer III L Medium Tank
Selects Territory Booby Traps
Panzer III L Medium Tank
Selects Territory Booby Traps
Tungsten Core Ammunition
Selects Obice 305mm Barrage
Selects Obice 305mm Barrage
Obice 305mm Barrage
Panzer III L Medium Tank
Armored Reserves
Vehicle Survival Package
DesertFox
Gloves2Ali
parkerpyliu
optimas
CHMA | semouryhit2
A_Smoove
SirCinnamonBuns
Grouchy_Goblin
0
0
Comments
sign in to comment!
No comments posted yet!